 Dungeon Crawl Stone Soup version 0.18.1-48-g4cf74bf (webtiles) character file.

384 JirkfaceJones the Cudgeler (level 6, 0/40 HPs)
             Began as a Gargoyle Berserker on Sept 10, 2016.
             Was a Priest of Trog.
             Slain by an orc
             ... wielding a +0 falchion
              (5 damage)
             ... on level 3 of the Dungeon.
             The game lasted 00:05:45 (2630 turns).

JirkfaceJones the Cudgeler (Gargoyle Berserker)     Turns: 2630, Time: 00:05:45

Health: 0/40       AC: 11    Str: 22    XL:     6   Next: 77%
Magic:  6/6        EV: 14    Int:  8    God:    Trog [***...]
Gold:   207        SH:  0    Dex:  9    Spells: 0 memorised, 5 levels left

rFire  . . .     SeeInvis .     a - +0 mace
rCold  . . .     Gourm    .     i - +0 leather armour
rNeg   + . .     Faith    .     (no shield)
rPois  ∞         Spirit   .     h - +0 helmet
rElec  +         Dismiss  .     m - +1 cloak {+Inv}
rCorr  .         Reflect  .     (no gloves)
SustAt .         Harm     +     (no boots)
MR     .....                    n - amulet of harm
Stlth  +.........               (no ring)
                                k - +3 ring of evasion

@: exhausted, slowed, very slow, not resistant to hostile enchantments, very
unstealthy
A: negative energy resistance 1, electricity resistance, unbreathing,
petrification resistance, rot immunity, AC +4
a: Berserk, Trog's Hand, Burn Spellbooks, Renounce Religion, Evoke Invisibility


You were on level 3 of the Dungeon.
You worshipped Trog.
Trog was most pleased with you.
You were very hungry.

You visited 1 branch of the dungeon, and saw 3 of its levels.

You collected 207 gold pieces.

Inventory:

Hand Weapons
 a - a +0 mace (weapon)
Armour
 b - a +0 animal skin
 h - a +0 helmet (worn)
 i - a +0 leather armour (worn)
 m - a +1 cloak of invisibility (worn)
Jewellery
 k - a +3 ring of evasion (left hand)
 n - an amulet of harm (around neck)
 p - a +2 amulet of reflection {unknown}
Wands
 o - a wand of flame (37/48)
Scrolls
 e - 2 scrolls of remove curse {unknown}
 g - 6 scrolls of identify {unknown}
 l - a scroll of recharging {unknown}
 r - a scroll of amnesia {unknown}
Potions
 d - a potion of mutation {unknown}
 j - 2 potions of curing {unknown}
 q - 2 potions of flight {unknown}
 s - a potion of heal wounds {unknown}
 u - a potion of ambrosia {unknown}
Comestibles
 c - 3 bread rations
 f - a beef jerky


   Skills:
 + Level 5.0 Fighting
 * Level 5.5 Maces & Flails
 + Level 4.1 Armour
 - Level 1.5 Dodging


You had 5 spell levels left.
You didn't know any spells.

Dungeon Overview and Level Annotations

Branches:
Dungeon (3/15)

Altars:
Yredelemnul


Innate Abilities, Weirdness & Mutations

You are resistant to torment.
Your stone body is resilient (AC +4).
You are immune to poison.
You resist negative energy.
You are resistant to electric shocks.
You can survive without breathing.
You are immune to petrification.
You are immune to rotting.


Message History

The orc priest barely misses you. The orc priest misses you.
All of the chunks of flesh in your inventory have rotted away.
You hit the orc priest.
The orc priest is almost dead.
The orc priest looks braver for a moment.
The orc priest hits you but does no damage.
You closely miss the orc priest.
The orc priest is almost dead.
The orc priest miscasts a cantrip.
You hit the orc priest.
You kill the orc priest!
Trog accepts your kill. The orc barely misses you.
You hit the orc.
The orc is almost dead.
The orc closely misses you. The orc barely misses you.
You barely miss the orc.
The orc is almost dead.
The orc hits you with a falchion.
You die...

## ### .###.#
.....# .###.# .#
#.# ## #.# #
#.##### ###.. ##
#.....#
####......
.#######.#
#.@o......
.......#.#
#.##......
##..##.#.# #.#
.....
#...##.#.######.#
....
....##.#.##.....#
...
##.....#.##'#####
..
.......#.#.....#
.
###†.).#.......#
.##....###.....#


You could see an orc.

Vanquished Creatures
  Sigmund (D:3)
  Crazy Yiuf (D:2)
  An orc priest (D:3)
  An orc wizard (D:3)
  Natasha (D:3)
  Terence (D:2)
  3 adders (D:3)
  A dart slug (D:1)
  5 giant geckos
  An orc (D:3)
  A bat (D:2)
  A giant cockroach (D:1)
  7 goblins
  6 hobgoblins
  6 jackals
  A quokka (D:2)
  A ball python (D:1)
  6 giant newts (D:1)
  6 kobolds
  7 rats
  A fungus (D:2)
59 creatures vanquished.

Vanquished Creatures (others)
  An orc wizard (D:3)
1 creature vanquished.

Grand Total: 60 creatures vanquished

Notes
Turn   | Place    | Note
--------------------------------------------------------------
     0 | D:1      | JirkfaceJones the Gargoyle Berserker began the quest for the Orb.
     0 | D:1      | Reached XP level 1. HP: 14/14 MP: 1/1
   305 | D:1      | Reached XP level 2. HP: 15/19 MP: 2/2
   838 | D:1      | Reached XP level 3. HP: 21/23 MP: 3/3
   839 | D:1      | Reached ** piety under Trog
  1342 | D:2      | Noticed Terence
  1349 | D:2      | Killed Terence
  1349 | D:2      | Reached XP level 4. HP: 29/29 MP: 4/4
  2104 | D:2      | Noticed Crazy Yiuf
  2112 | D:2      | Killed Crazy Yiuf
  2317 | D:3      | Reached XP level 5. HP: 34/34 MP: 5/5
  2405 | D:3      | Noticed Sigmund
  2418 | D:3      | Killed Sigmund
  2418 | D:3      | Reached skill level 5 in Maces & Flails
  2418 | D:3      | Reached XP level 6. HP: 39/39 MP: 6/6
  2479 | D:3      | Noticed Natasha
  2480 | D:3      | Found a basalt altar of Yredelemnul.
  2487 | D:3      | Killed Natasha
  2609 | D:3      | Reached *** piety under Trog
  2618 | D:3      | Reached skill level 5 in Fighting
  2630 | D:3      | Slain by an orc

Skill      XL: |  1  2  3  4  5  6 |
---------------+-------------------+-----
Fighting       | 4 5 |  5.0
Maces & Flails | 4 5 |  5.5
Armour         | 3 4 |  4.1
Dodging        | |  1.5

Action                   |  1- 3 |  4- 6 || total
-------------------------+-------+-------++-------
Melee: Mace              |   109 |   119 ||   228
Invok: Berserk           |     1 |     3 ||     4
       Trog's Hand       |       |     2 ||     2
  Eat: Chunk             |     1 |     6 ||     7
       Royal jelly       |       |     1 ||     1
Armor: Animal skin       |    30 |       ||    30
       Leather armour    |       |    41 ||    41
Dodge: Dodged            |    62 |    74 ||   136
